 Dungeon Crawl Stone Soup version 0.27.0-1-g7a089689b8 (webtiles) character file.

Game seed: 18317358817542388682

361 BOMJPIETVODKU the Digger (level 6, -4/44 HPs)
             Began as a Gnoll Earth Elementalist on Aug 6, 2021.
             Slain by fram's ghost (7 damage)
             ... on level 4 of the Dungeon.
             The game lasted 00:10:57 (5186 turns).

BOMJPIETVODKU the Digger (Gnoll Earth Elementalist) Turns: 5186, Time: 00:10:57

Health: -4/44      AC:  3    Str:  7 (8)  XL:     6   Next: 66%
Magic:  0/14       EV: 14    Int: 15 (16) God:
Gold:   170        SH:  5    Dex: 15 (16) Spells: 7/15 levels left

rFire    . . .     SeeInvis .   h - +0 whip (flame)
rCold    . . .     Faith    .   (no shield)
rNeg     . . .     Spirit   .   b - +0 robe
rPois    .         Reflect  +   (no helmet)
rElec    .         Harm     .   v - +0 cloak
rCorr    .         Rampage  .   (no gloves)
Will     .....                  (no boots)
Stlth    +++.......             o - amulet of reflection
HPRegen  0.14/turn              f - +6 ring of dexterity
MPRegen  0.14/turn              k - ring of wizardry

@: attractive, hasted, very quick
A: fangs 1, strong nose, distributed training, clumsy 1, evolution 2
a: no special abilities


You were on level 4 of the Dungeon.
You visited 1 branch of the dungeon, and saw 4 of its levels.

You collected 170 gold pieces.

Inventory:

Hand Weapons
 h - a +0 whip of flaming (weapon)
Missiles
 c - 75 stones
 t - 8 boomerangs
 u - 23 poisoned darts
Armour
 b - a +0 robe (worn)
 v - a +0 cloak (worn)
Jewellery
 f - a +6 ring of dexterity (left hand)
 k - a ring of wizardry (right hand)
 o - an amulet of reflection (around neck)
Scrolls
 g - a scroll of brand weapon {unknown}
 i - a scroll of immolation {unknown}
 j - 2 scrolls of teleportation {unknown}
 l - a scroll of identify {unknown}
 m - a scroll of summoning {unknown}
 n - 3 scrolls of amnesia {unknown}
 r - a scroll of blinking {unknown}
 s - a scroll of magic mapping {unknown}
 w - a scroll of enchant weapon {unknown}
Potions
 d - a potion of degeneration
 p - a potion of haste
 q - a potion of mutation
 x - a potion of heal wounds


   Skills:
 + Level 2.0 Fighting
 + Level 2.0 Short Blades
 + Level 2.0 Long Blades
 + Level 2.0 Axes
 + Level 2.0 Maces & Flails
 + Level 2.0 Polearms
 + Level 2.0 Staves
 + Level 2.0 Slings
 + Level 2.0 Bows
 + Level 2.0 Crossbows
 + Level 2.0 Throwing
 + Level 2.0 Armour
 + Level 5.0 Dodging
 + Level 4.6 Stealth
 + Level 2.0 Shields
 + Level 2.0 Unarmed Combat
 + Level 5.4 Spellcasting
 + Level 1.6 Conjurations
 + Level 1.6 Hexes
 + Level 1.6 Summonings
 + Level 1.6 Necromancy
 + Level 1.6 Translocations
 + Level 2.7 Transmutations
 + Level 1.6 Fire Magic
 + Level 1.6 Ice Magic
 + Level 1.6 Air Magic
 + Level 5.7 Earth Magic
 + Level 1.6 Poison Magic
 + Level 2.2 Invocations
 + Level 2.0 Evocations


You had 7 spell levels left.
You knew the following spells:

 Your Spells              Type           Power      Damage    Failure   Level
a - Sandblast             Erth           42%        2d11      1%          1
b - Passwall              Tmut/Erth      13%        N/A       1%          2
c - Searing Ray           Conj           16%        3d3       4%          2
d - Stone Arrow           Conj/Erth      30%        3d8       4%          3

Your spell library contained the following spells:

 Spells                   Type           Power      Damage    Failure   Level
 Magic Dart               Conj           32%        1d4       3%          1
 Petrify                  Tmut/Erth      16%        N/A       12%         4
 Fulminant Prism          Conj/Hex       4%         3d6       32%         4


Dungeon Overview and Level Annotations

Branches:
Dungeon (4/15)
 Temple: D:4-7

Altars:
Makhleb
Sif Muna

Annotations:
D:4 fram's ghost, amateur DDFi


Innate Abilities, Weirdness & Mutations

You have very sharp teeth.
Your uncanny sense of smell can sniff out nearby items.
Your experience applies equally to all skills.
You are clumsy. (Dex -2)
You rapidly evolve.


Message History

You hit fram's ghost but do no damage.
You bite fram's ghost, but do no damage.
Fram's ghost is lightly damaged.
You barely miss fram's ghost.
You bite fram's ghost, but do no damage.
Fram's ghost is lightly damaged.
Fram's ghost barely misses you.
You barely miss fram's ghost.
Fram's ghost is lightly damaged.
Fram's ghost hits you!
* * * LOW HITPOINT WARNING * * *
Casting: Searing Ray (safe; 4% risk of failure)
Confirm with . or Enter, or press ? or * to list all spells.
You don't have enough magic to cast this spell.
You are too injured to fight recklessly!
Aiming: Sandblast (safe; 1% risk of failure)
Press: ? - help, Q - select action, (/) - cycle Shift-Dir - straight line, f/p - fram's ghost
Aim: fram's ghost (lightly damaged, 91% to hit)
The blast of sand hits fram's ghost.
Fram's ghost is lightly damaged.
Aiming: Sandblast (safe; 1% risk of failure)
Press: ? - help, Q - select action, (/) - cycle Shift-Dir - straight line, f/p - fram's ghost
Aim: fram's ghost (lightly damaged, 91% to hit)
The blast of sand hits fram's ghost.
Fram's ghost is lightly damaged.
Fram's ghost barely misses you.
The kobold brigand is pulled toward you!
The kobold is pulled toward you! x2
Fram's ghost is pulled toward you!
As you read the scroll labelled QORATUNOQO, it crumbles to dust.
You hear a loud clanging noise!
It was a scroll of noise.
You hear a shout! x2
Fram's ghost hits you.
* * * LOW HITPOINT WARNING * * *
Unknown command.
You hit fram's ghost but do no damage.
Fram's ghost is lightly damaged.
Fram's ghost hits you!
You die...

..# .## .# ## #
# ### ####.#
#### .##..#
##KW## .#..>#
##.##@# ....##
##K##### ....##
##K## ##...#
##)##
###..####..# #
#...#...## #
##......#
####......##
##.........####


You could see a kobold brigand and fram's ghost.

Vanquished Creatures
  A black bear (D:3)
  A hound (D:4)
  2 iguanas
  A scorpion zombie (D:4)
  5 adders
  3 worms
  2 dart slugs
  10 orcs
  6 bats
  8 endoplasms
  3 giant cockroaches
  7 goblins
  5 hobgoblins
  11 jackals
  14 kobolds
  2 quokkas
  7 ball pythons
  4 frilled lizards
  A quokka skeleton (D:4)
  4 rats
97 creatures vanquished.

Vanquished Creatures (others)
  A kobold (D:4)
  4 plants (D:4)
5 creatures vanquished.

Grand Total: 102 creatures vanquished

Notes
Turn   | Place    | Note
-------+----------+-------------------------------------------
     0 | D:1      | BOMJPIETVODKU the Gnoll Earth Elementalist began the quest
                  | for the Orb.
     0 | D:1      | Reached XP level 1. HP: 13/13 MP: 6/6
   463 | D:1      | Reached XP level 2. HP: 19/19 MP: 5/7
   856 | D:2      | Reached skill level 5 in Spellcasting
   856 | D:2      | Reached XP level 3. HP: 25/25 MP: 6/9
  1338 | D:2      | Reached skill level 1 in Invocations
  2013 | D:3      | Reached skill level 1 in Fighting
  2013 | D:3      | Reached skill level 1 in Short Blades
  2013 | D:3      | Reached skill level 1 in Long Blades
  2013 | D:3      | Reached skill level 1 in Axes
  2013 | D:3      | Reached skill level 1 in Maces & Flails
  2013 | D:3      | Reached skill level 1 in Polearms
  2013 | D:3      | Reached skill level 1 in Staves
  2013 | D:3      | Reached skill level 1 in Slings
  2013 | D:3      | Reached skill level 1 in Bows
  2013 | D:3      | Reached skill level 1 in Crossbows
  2013 | D:3      | Reached skill level 1 in Throwing
  2013 | D:3      | Reached skill level 1 in Armour
  2013 | D:3      | Reached skill level 1 in Shields
  2013 | D:3      | Reached skill level 1 in Unarmed Combat
  2013 | D:3      | Reached skill level 1 in Evocations
  2043 | D:3      | Reached XP level 4. HP: 32/32 MP: 6/11
  2198 | D:3      | Found a burning altar of Makhleb.
  2230 | D:3      | Noticed a black bear
  2235 | D:3      | Killed a black bear
  2236 | D:3      | Reached skill level 1 in Conjurations
  2236 | D:3      | Reached skill level 1 in Hexes
  2236 | D:3      | Reached skill level 1 in Summonings
  2236 | D:3      | Reached skill level 1 in Necromancy
  2236 | D:3      | Reached skill level 1 in Translocations
  2236 | D:3      | Reached skill level 1 in Fire Magic
  2236 | D:3      | Reached skill level 1 in Ice Magic
  2236 | D:3      | Reached skill level 1 in Air Magic
  2236 | D:3      | Reached skill level 1 in Poison Magic
  2236 | D:3      | Reached XP level 5. HP: 37/37 MP: 8/12
  2345 | D:3      | Learned a level 2 spell: Passwall
  2348 | D:3      | Learned a level 2 spell: Searing Ray
  3099 | D:3      | Found a shimmering blue altar of Sif Muna.
  3209 | D:3      | Reached XP level 6. HP: 4/44 MP: 1/13
  3213 | D:3      | Learned a level 3 spell: Stone Arrow
  3550 | D:4      | Found a runed translucent gate.
  3550 | D:4      | Found a runed translucent gate.
  3550 | D:4      | Found a runed translucent gate.
  3553 | D:4      | Noticed fram's ghost (amateur DDFi)
  3946 | D:4      | Reached skill level 5 in Dodging
  5173 | D:4      | Gained mutation: You evolve. [potion of mutation]
  5173 | D:4      | Gained mutation: You are clumsy. (Dex -2) [potion of
                  | mutation]
  5173 | D:4      | Gained mutation: You rapidly evolve. [potion of mutation]
  5186 | D:4      | Slain by fram's ghost

Illustrated notes

Levels and vault maps discovered:
D:1:      minmay_arrival_hallway, layout_basic
D:2:      layout_basic, grunt_decor_cap
D:3:      layout_basic, marbit_many_paths, lightli_temple_of_fire,
          minmay_joined_circles
D:4:      layout_layer_cave, gammafunk_ghost_nasty_kobolds

Skill      XL: |  1  2  3  4  5  6 |
---------------+-------------------+-----
Transmutations | 2 |  2.7
Spellcasting   | 5 |  5.4
Invocations    | 1 2 |  2.2
Fighting       | 1 2 |  2.0
Short Blades   | 1 2 |  2.0
Long Blades    | 1 2 |  2.0
Axes           | 1 2 |  2.0
Maces & Flails | 1 2 |  2.0
Polearms       | 1 2 |  2.0
Staves         | 1 2 |  2.0
Slings         | 1 2 |  2.0
Bows           | 1 2 |  2.0
Crossbows      | 1 2 |  2.0
Throwing       | 1 2 |  2.0
Armour         | 1 2 |  2.0
Shields        | 1 2 |  2.0
Unarmed Combat | 1 2 |  2.0
Evocations     | 1 2 |  2.0
Conjurations   | 1 |  1.6
Hexes          | 1 |  1.6
Summonings     | 1 |  1.6
Necromancy     | 1 |  1.6
Translocations | 1 |  1.6
Fire Magic     | 1 |  1.6
Ice Magic      | 1 |  1.6
Air Magic      | 1 |  1.6
Poison Magic   | 1 |  1.6
Dodging        | 5 |  5.0
Stealth        | |  4.6
Earth Magic    | |  5.7

Action                   |  1- 3 |  4- 6 || total
-------------------------+-------+-------++-------
Melee: Unarmed           |    14 |       ||    14
       Bite              |     4 |    11 ||    15
       Whip              |    55 |   106 ||   161
 Cast: Sandblast         |    24 |    55 ||    79
       Searing Ray       |       |    24 ||    24
       Passwall          |       |     1 ||     1
       Stone Arrow       |       |     1 ||     1
  Use: Potion            |       |     5 ||     5
       Scroll            |       |     1 ||     1
 Stab: Sleeping          |     7 |     5 ||    12
Armor: Robe              |    21 |    13 ||    34
Dodge: Dodged            |    72 |    87 ||   159
Block: Other             |       |    23 ||    23
       Reflection        |       |     2 ||     2
